Cogmind - Beta 11 X7 @@@ ROGUE MODE // 2021.09.23 @ 20:50:27 Player: aperiodic Result: Destroyed by D-53 Grenadier with Mini Grenade Launcher Performance ------------- Evolutions (0) 0 Regions Visited (4) 800 Robots Destroyed (31) 155 Value Destroyed (498) 498 Prototype IDs (23) 460 Alien Tech Used (0) 0 Bonus (-129) -129 TOTAL SCORE: 1784 Bonus ------- Aligned with FarCom 300 Friendly Fire -429 Cogmind --------- Core Integrity 0/250 Matter 207/300 Energy 160/160 System Corruption 2% Temperature Cool (0) Movement Treading (360) Ox2 Location -9/Mines Parts ------- > --- POWER (1) -------- Light Nuclear Core > --- PROPULSION (2) --- Light Treads Light Treads > --- UTILITY (2) ------ Huge Storage Unit Hardened Medium Armor Plating > --- WEAPON (2) ------- Assault Rifle > --- INVENTORY (25) --- Improved Heat Sink Large Storage Unit High-capacity Matter Pod (180) Armor Integrity Analyzer Reflective Plating Shield Generator Shield Generator Hacking Suite Hacking Suite Army-in-a-Box (30/30) EM Pulse Gun Assault Rifle High-powered Shotgun Grenade Launcher Grenade Launcher Mining Laser Peak State ------------ > --- POWER ------------ Light Nuclear Core > --- PROPULSION ------- Light Treads Compact Wheel > --- UTILITY ---------- Huge Storage Unit Hardened Medium Armor Plating > --- WEAPON ----------- Assault Rifle High-powered Shotgun > --- INVENTORY -------- Light Treads Light Treads Improved Heat Sink Large Storage Unit Armor Integrity Analyzer Reflective Plating Shield Generator Shield Generator Hacking Suite Hacking Suite Army-in-a-Box EM Pulse Gun Assault Rifle Assault Rifle Grenade Launcher Mining Laser [Rating: 21] Favorites ----------- Power Light Nuclear Core Engine Light Ion Engine Power Core Light Nuclear Core Propulsion Light Treads Treads Light Treads Wheel Compact Wheel Utility Large Storage Unit Device Improved Heat Sink Storage Large Storage Unit Protection Hardened Medium Armor Plating Weapon Assault Rifle Ballistic Gun Assault Rifle Launcher Grenade Launcher Build | -11 -10 -10 -10 -9 ------- Run | Scr Mat Min Exi Min Slots Evolved . | . . . . . Power . | . . . . . Propulsion . | . . . . . Utility . | . . . . . Weapon . | . . . . . Parts Attached 44 | 8 21 9 2 4 Power 3 | 1 1 1 . . Engine 2 | 1 1 . . . Core 1 | . . 1 . . Reactor . | . . . . . Propulsion 25 | 4 16 2 1 2 Treads 11 | . 7 2 . 2 Leg . | . . . . . Wheel 14 | 4 9 . 1 . Hover . | . . . . . Flight . | . . . . . Utility 5 | 1 1 2 1 . Device 1 | . . 1 . . Storage 3 | 1 1 . 1 . Processor . | . . . . . Hackware . | . . . . . Protection 1 | . . 1 . . Artifact . | . . . . . Weapon 11 | 2 3 4 . 2 Energy Gun . | . . . . . Energy Cannon . | . . . . . Ballistic Gun 9 | 2 2 4 . 1 Ballistic Cannon . | . . . . . Launcher 2 | . 1 . . 1 Special Weapon . | . . . . . Impact Weapon . | . . . . . Slashing Weapon . | . . . . . Piercing Weapon . | . . . . . Special Melee Weapon . | . . . . . Unidentified Prototypes . | . . . . . Parts Lost 7 | . . 4 . 3 Power 1 | . . 1 . . Propulsion 3 | . . 1 . 2 Utility . | . . . . . Weapon 3 | . . 2 . 1 Highest Loss Streak 4 | . . 4 . 3 Average Slot Usage (%) 93 | . 85 97 100 98 Engine 5 | . 14 . . . Core 8 | . . 12 14 14 Treads 16 | . 6 27 17 15 Wheel 11 | . 21 . 10 12 Device 1 | . . 4 . . Storage 14 | . 14 14 14 14 Protection 7 | . . 8 14 14 Ballistic Gun 27 | . 27 28 28 23 Naked Turns . | . . . . . Heaviest Build 98 | 11 27 38 98 98 Greatest Support 40 | 32 40 40 40 40 Greatest Overweight (x) 6 | . 1 1 6 6 Average Overweight (x) 1 | . . . 4 5 Largest Inventory Capacity 25 | 8 15 15 25 25 Average Capacity 16 | 7 13 15 22 25 Most Carried 23 | 8 15 15 22 23 Average Carried 14 | 3 12 13 19 22 Final Capacity 25 | 8 15 15 25 25 Final Carried 22 | 8 15 15 22 21 Class Distribution -------------------- 87% | Mutant 12% | Scavenger-Mutant Dominant Class ---------------- Mutant | -10/Materials Mutant | -10/Mines Mutant | -10/Exiles Mutant | -9/Mines Resources | -11 -10 -10 -10 -9 ----------- Run | Scr Mat Min Exi Min Matter Collected 945 | 316 426 183 20 . Remotely . | . . . . . Salvage Created 908 | 170 559 176 . 3 Parts 72 | 9 52 11 . . Haulers Intercepted 2 | . 2 . . . Recyclers Shooed 1 | . 1 . . . Parts Field Recycled . | . . . . . Retrieved Matter . | . . . . . Parts Self-Destructed . | . . . . . Prevented . | . . . . . Kills | -11 -10 -10 -10 -9 ------- Run | Scr Mat Min Exi Min Combat Hostiles Destroyed 22 | . 11 5 . 6 Guns 14 | . 9 5 . . AOE 8 | . 2 . . 6 Classes Destroyed 9 | 3 5 . . 1 Worker 3 | 1 2 . . . Tunneler 3 | 3 . . . . Hauler 2 | . 2 . . . Recycler 2 | 1 1 . . . Operator 3 | . 3 . . . Watcher 2 | . 2 . . . Swarmer 8 | . 6 2 . . Grunt 8 | . 5 3 . . Assembled 6 | . . . . 6 Best Kill Streak 6 | 5 3 5 . 6 Combat Bots Only 6 | . 3 5 . 6 Max Kills in Single Turn 4 | 1 2 1 . 4 Gunslinging . | . . . . . Exploded 4 | . 2 . . 4 Melee . | . . . . . Uniques/NPCs Destroyed . | . . . . . Combat | -11 -10 -10 -10 -9 -------- Run | Scr Mat Min Exi Min Damage Taken 1343 | . 227 639 . 477 Core 283 | . 40 134 . 109 Absorbed by Shields . | . . . . . Core Remaining (%) 100 | 100 . . . . Volleys Fired 89 | 10 55 14 . 10 Largest 2 | 2 2 2 . 2 Hottest 40 | 40 40 40 . 40 Shots Fired 175 | 20 109 28 . 18 Gun 172 | 20 108 28 . 16 Cannon . | . . . . . Launcher 3 | . 1 . . 2 Special . | . . . . . Kinetic 172 | 20 108 28 . 16 Thermal . | . . . . . Explosive 3 | . 1 . . 2 Electromagnetic . | . . . . . Robot Hit Streak 11 | 5 6 11 . 3 Robot Miss Streak 6 | 2 6 2 . 1 Penetration Max . | . . . . . Secondary Targets 3 | . 2 1 . . Max Gunslinging Chain 1 | . 1 1 . . Shots Hit Robots 105 | 12 61 21 . 11 Core Hits 67 | 6 33 12 . 16 Critical Kills . | . . . . . Critical Parts Destroyed 2 | . 2 . . . Critical Strikes 2 | . 2 . . . Destroy 2 | . 2 . . . Melee Attacks . | . . . . . Impact . | . . . . . Slashing . | . . . . . Piercing . | . . . . . Sneak Attacks . | . . . . . Combat Hostiles . | . . . . . Follow-up Attacks . | . . . . . Damage Inflicted 1644 | 128 791 343 . 382 Guns 1252 | 128 706 282 . 136 Cannons . | . . . . . Explosions 313 | . 67 . . 246 Melee . | . . . . . Ramming 79 | . 18 61 . . Kinetic 1252 | 128 706 282 . 136 Thermal . | . . . . . Explosive 313 | . 67 . . 246 Electromagnetic . | . . . . . Impact . | . . . . . Slashing . | . . . . . Piercing . | . . . . . Highest Corruption 2 | . . 2 2 2 Average Corruption 1 | . . 1 2 2 Corruption Purged . | . . . . . Effects 15 | . . 5 10 . Message Errors 6 | . . 3 3 . Heat Flow Errors 3 | . . 1 2 . Energy Discharges 3 | . . . 3 . Data Loss (minor) 3 | . . 1 2 . Overload Shots . | . . . . . Overflow Damage . | . . . . . Projectiles . | . . . . . Explosions . | . . . . . Melee . | . . . . . Knockbacks 1 | . . 1 . . Impact 1 | . . 1 . . Kinetic . | . . . . . Secondary . | . . . . . Self-Inflicted Damage 16 | . 6 10 . . Shots . | . . . . . Rammed 16 | . 4 12 . . Targets Rammed 17 | . 5 12 . . Kicked . | . . . . . Crushed 1 | . 1 . . . Highest Temperature 114 | . 12 114 113 8 Average Temperature 31 | . 6 36 57 5 Received Heat Transfer 378 | . 78 300 . . Siege Activations . | . . . . . Robots Corrupted . | . . . . . Combat Hostiles . | . . . . . Parts Fried . | . . . . . Impact Corruptions . | . . . . . Robots Melted . | . . . . . Combat Hostiles . | . . . . . Parts Melted . | . . . . . Heat Transferred . | . . . . . Parts Sabotaged . | . . . . . Parts Stolen . | . . . . . Parts Stripped . | . . . . . Power Chain Reactions . | . . . . . Missiles Intercepted . | . . . . . Alert | -11 -10 -10 -10 -9 ------- Run | Scr Mat Min Exi Min Peak Influence 236 | 25 236 130 . . Initial 40 | . 16 40 . . Average 87 | 7 133 57 . . Maximum Alert Level 1 | . 1 . . . Low Security (%) 86 | 100 71 100 . 100 Level 1 13 | . 28 . . . Level 2 . | . . . . . Level 3 . | . . . . . Level 4 . | . . . . . Level 5 . | . . . . . High Security . | . . . . . Max Security . | . . . . . Squads Dispatched 5 | . 4 1 . . Investigation 1 | . . 1 . . Extermination . | . . . . . Reinforcement 4 | . 4 . . . Assault . | . . . . . Garrison . | . . . . . Intercept . | . . . . . Construction Impeded . | . . . . . Haulers Reinforced . | . . . . . Active Scanning Responses . | . . . . . Cargo Convoy Interrupts . | . . . . . Stealth | -11 -10 -10 -10 -9 --------- Run | Scr Mat Min Exi Min Distress Signals 2 | . 2 . . . Communications Jammed . | . . . . . Distress Signals . | . . . . . Times Spotted 53 | . 26 7 . 20 Peak Tracking Total 12 | . 3 7 . 12 Tactical Retreats 2 | . 2 . . . Traps | -11 -10 -10 -10 -9 ------- Run | Scr Mat Min Exi Min Traps Triggered . | . . . . . Indirectly . | . . . . . Trap Hack Attempts . | . . . . . Triggered . | . . . . . Disarmed . | . . . . . Reprogrammed . | . . . . . Reused . | . . . . . Traps Extracted . | . . . . . Installed . | . . . . . Triggered . | . . . . . Machines | -11 -10 -10 -10 -9 ---------- Run | Scr Mat Min Exi Min Machines Disabled . | . . . . . Max in Single Turn . | . . . . . Machines Sabotaged . | . . . . . Garrisons Compromised . | . . . . . Overloaded Fab Kills . | . . . . . Fab Network Shutdowns . | . . . . . Hacking | -11 -10 -10 -10 -9 --------- Run | Scr Mat Min Exi Min Machines Accessed 5 | . 2 1 2 . Terminals 2 | . 2 . . . Fabricators . | . . . . . Repair Stations . | . . . . . Recycling Units . | . . . . . Scanalyzers . | . . . . . Garrison Access . | . . . . . Total Hacks 9 | . 6 1 2 . Successful 5 | . 2 1 2 . Failed 3 | . 3 . . . Catastrophic 2 | . 2 . . . Database Lockouts 1 | . 1 . . . Manual 4 | . 3 . 1 . Terminals 6 | . 6 . . . Fabricators . | . . . . . Repair Stations . | . . . . . Recycling Units . | . . . . . Scanalyzers . | . . . . . Garrison Access . | . . . . . Terminal Hacks 5 | . 2 1 2 . Record 1 | . . . 1 . Part Schematic 1 | . 1 . . . Open Door 1 | . . 1 . . Locate Traps 1 | . 1 . . . EX-Prototype ID Bank 1 | . . . 1 . Fabricator Hacks . | . . . . . Repair Station Hacks . | . . . . . Recycling Unit Hacks . | . . . . . Scanalyzer . | . . . . . Garrison Access Hacks . | . . . . . Unauthorized Hacks . | . . . . . Terminals . | . . . . . Fabricators . | . . . . . Repair Stations . | . . . . . Recycling Units . | . . . . . Scanalyzers . | . . . . . Garrison Access . | . . . . . Data Cores Recovered . | . . . . . Used . | . . . . . Hacking Detections 1 | . 1 . . . Full Trace Events . | . . . . . Feedback Events . | . . . . . Feedback Blocked . | . . . . . Robot Schematics Acquired . | . . . . . Robots Built . | . . . . . Matter . | . . . . . Time . | . . . . . Total Robot Build Rating . | . . . . . Part Schematics Acquired 1 | . 1 . . . Parts Built . | . . . . . Matter . | . . . . . Time . | . . . . . Total Part Build Rating . | . . . . . Parts Repaired . | . . . . . Time . | . . . . . Parts Recycled . | . . . . . Recycled Matter . | . . . . . Retrieved Matter . | . . . . . Retrieved Components . | . . . . . Parts Scanalyzed . | . . . . . Part Schematics Acquired . | . . . . . Parts Damaged . | . . . . . Bothacking | -11 -10 -10 -10 -9 ------------ Run | Scr Mat Min Exi Min Used RIF Installer . | . . . . . Robots Hacked . | . . . . . Non-combat . | . . . . . Combat . | . . . . . Robot Hacks Applied . | . . . . . Relay Couplers Released . | . . . . . Robots Rewired . | . . . . . Allies Hacked . | . . . . . Hacks Repelled . | . . . . . Allies | -11 -10 -10 -10 -9 -------- Run | Scr Mat Min Exi Min Total Allies . | . . . . . Largest Group . | . . . . . Highest-Rated Group . | . . . . . Highest-Rated Ally . | . . . . . Total Orders . | . . . . . Ally Attacks . | . . . . . Total Damage . | . . . . . Kills . | . . . . . Allies Corrupted . | . . . . . Allies Melted . | . . . . . Intel | -11 -10 -10 -10 -9 ------- Run | Scr Mat Min Exi Min Robot Analysis Total . | . . . . . Derelict Logs Recovered 1 | . . 1 . . Drone Launches . | . . . . . Drone Recoveries . | . . . . . Exploration | -11 -10 -10 -10 -9 ------------- Run | Scr Mat Min Exi Min Turns Passed 2622 | 105 891 825 716 85 Spaces Moved 1577 | 66 618 475 395 23 Core 3 | 3 . . . . Treads 642 | . 56 457 127 2 Legs . | . . . . . Wheels 932 | 63 562 18 268 21 Hover . | . . . . . Flight . | . . . . . Fastest Speed 50 | 50 80 105 160 190 Average Speed 139 | 90 101 157 180 204 Slowest Speed 360 | 100 160 160 190 360 Overloaded Moves . | . . . . . Propulsion Burnouts . | . . . . . Robots Hopped . | . . . . . Cave-ins Triggered . | . . . . . Exploration Rate (%) 53 | 4 74 87 84 18 Regions Visited 4 Branch Regions 3 Pre-discovered Areas 1 | . . . 1 . Known Exits Taken . | . . . . . Unknown Exits Taken 4 | 1 1 1 1 . Scrap Searched 2 | . . 2 . . Spaces Dug . | . . . . . Terrain Destroyed 15 | . 6 . . 9 Melee . | . . . . . Projectile . | . . . . . AOE 15 | . 6 . . 9 Terrain Rammed . | . . . . . Walls Destroyed . | . . . . . Machines Disabled . | . . . . . Actions | -11 -10 -10 -10 -9 --------- Run | Scr Mat Min Exi Min Total 1825 | 89 781 513 398 44 Wait 57 | . 51 . . 6 Move 1573 | 65 617 474 394 23 Hop . | . . . . . Pick Up 29 | 6 17 3 2 1 Fast Attach 9 | 6 1 2 . . Attach 6 | . . 4 . 2 Detach 1 | . . 1 . . Swap 29 | 2 20 3 2 2 Drop 15 | . 15 . . . Fire 89 | 10 55 14 . 10 Melee . | . . . . . Ram 4 | . 2 2 . . Kick . | . . . . . Crush 13 | . 3 10 . . Escape Stasis . | . . . . . Rewire . | . . . . . Trap . | . . . . . Miscellaneous . | . . . . . Route ------- -11/Scrapyard -10/Materials (discovered 3 exits: [*Mat x2] / *Min) -10/Mines (discovered 2 exits: [*Mat] / *Exi) -10/Exiles -9/Mines History --------- Turn | Location | Event 19 | -11/Scrapyard | Discovered new exit (range 16) 106 | -11/Scrapyard | Entered Materials 315 | -10/Materials | Build established: Mutant 452 | -10/Materials | Central database locked down 733 | -10/Materials | Discovered new exit (range 13) 825 | -10/Materials | Discovered new exit (range 11) 959 | -10/Materials | Discovered new exit (range 15) 997 | -10/Materials | Entered Mines 1049 | -10/Mines | Core integrity fell below 50% 1068 | -10/Mines | Met a Derelict bent on vengeance 1073 | -10/Mines | Lost 4 parts (1p1n2w) 1318 | -10/Mines | Met a Derelict shopkeep closing up shop 1714 | -10/Mines | Discovered new exit (range 10) 1815 | -10/Mines | Deemed a non-threat by the Exiles lab entrance 1815 | -10/Mines | Discovered new exit (range 5) 1822 | -10/Mines | Entered Exiles 1862 | -10/Exiles | Met 8R-AWN 1888 | -10/Exiles | Met EX-HEX 1939 | -10/Exiles | Met EX-BIN 1968 | -10/Exiles | Aligned with FarCom system 1970 | -10/Exiles | Given EX-Vault access code 2008 | -10/Exiles | Opened EX-Vault 2040 | -10/Exiles | Found Army-in-a-Box 2083 | -10/Exiles | Warned to stay clear of 0b10 Research branches 2136 | -10/Exiles | Met EX-DEC 2146 | -10/Exiles | Learned location of Zion (-7) 2221 | -10/Exiles | Visited The Gauntlet 2523 | -10/Exiles | Discovered new exit (range 10) 2538 | -10/Exiles | Left Exiles lab with Army-in-a-Box 2538 | -10/Exiles | Entered Mines 2539 | -9/Mines | Assembled infested the area 2539 | -9/Mines | YI-UF0 nonchalantly dropped a Grenade Launcher on the ground 2611 | -9/Mines | Core integrity fell below 20% 2623 | -9/Mines | Destroyed by D-53 Grenadier with Mini Grenade Launcher Last Messages --------------- 02600_ The unstable cave ceiling collapses. 02600_ K-01 Serf collects debris. 02604_ The unstable cave ceiling collapses. 02604_ K-01 Serf collects debris. 02605_ The unstable cave ceiling collapses. 02605_ K-01 Serf collects debris. 02607_ The unstable cave ceiling collapses. 02608_ YI-UF0: "Whaaaaaaaa!" 02608_ K-01 Serf collects debris. 02608_ YI-UF0 destroyed. 02609_ The unstable cave ceiling collapses. 02610_ K-01 Serf destroyed. 02612_ The unstable cave ceiling collapses. 02612_ Wheel crushed. 02612_ Lgt. Treads destroyed. 02614_ The unstable cave ceiling collapses. 02616_ Com. Wheel destroyed. 02618_ The unstable cave ceiling collapses. 02619_ Assault Rifle destroyed. 02622_ The unstable cave ceiling collapses. Map ----- +----------------------------------------------------+ | ?????????????????????????????????????? | | ?????????????????????????????????????? | | ?????????????????????????????????????? | | ?????????????????????????????????????? | | ?????????????????????????????????????? | | ?????????????????????????????????????? | | ?????????????????????????????????????? | | ?????????????????????????????????????? | | ?????????????????????????????????????? | | ?????????????????????????????????????? | | ?????????????????????????????????????? | | ???????????????? #???????????????????? | | ?????????????### #???????????????????? | | ?????#????### #???????????????????? | | ?? ## ???# # ????????????????????? | | ?? #??# ????????????????????? | | ?# ### ????????????????????? | | ?# # #????????????????????? | | ?# #????????????????????? | | ?# ##???????????????????? | | ?# #???????????????????? | | ??# ####?????????????????? | | ???# d ####??????????????? | | ?????# # ###????????????? | | ??????# d #????????????? | | ??????# @ ####?????????? | | ??????# ##????????? | | ??????# #????????? | | ??????## #????????? | | ???????#### ##????????? | | ??????????## #?????????? | | ??????????# ##?????????? | | ??????????## #??????????? | | ?????????## # < #??????????? | | ??????#### *% # # ##??????????? | | ??????# # #######???????????? | | ?????# #????????????????? | | ?????# # # ##???????????????? | | ?????## ### # ## #???????????????? | | ??????###??# ##???????????????? | | ????????#### #???????????????? | | ??????### #???????????????? | | ?????# #???????????????? | | ?????# #???????????????? | | ?????# ## #???????????????? | | ???? ??########## ##???????????????? | | ??????????????????###????????????????? | | ?????????????????????????????????????? | | ?????????????????????????????????????? | | ?????????????????????????????????????? | +----------------------------------------------------+ Best States ------------- Heat Dissipation 39 Energy Generation 14 Energy Capacity 160 Matter Stores 300 Matter Capacity 300 Sight Range 16 Terrain Scan Density 10 Armor Coverage 225 Evasion (%) 44 Recoil Reduction 2 Item Schematics ----------------- Huge Storage Unit | -10/Materials | Hacked Robot Schematics ------------------ None Fabricated ------------ Nothing Alien Tech Used ----------------- None Achievements -------------- None Challenges ------------ None Game ------ Seed PhasingGhostBuckler Manual? 0 Play Time 00:24:07 Cumulative 420.8 hours Start 2021.09.23 @ 20:25:10 End 2021.09.23 @ 20:50:27 Sessions 1 Manual Loads 0 Difficulty Rogue Special Mode None Game No. 139 Rogue 135 Adventurer 4 Explorer 0 Win Type - Total 10 Types 5/1/3/0/0/0/0/1/0 Lore% 81 Gallery% 80 Achievement% 68 Wizard Run 0 Options --------- ASCII 1 Keyboard 0 Movement Arrows Keybinds 0 Fullscreen 1 Font 18/Terminus Map View 76x50 Tactical HUD 1 Map Filters NONE Filters NONE Steam 1 RUN: 6e83a8a5-a48f-4166-bba1-0d45ae62a843